 Dungeon Crawl Stone Soup version 0.29.1 (webtiles) character file.

Game seed: 14040280057823568181

257 qw the Chopper (level 6, -1/37 HPs)
             Began as a Gargoyle Fighter on Sept 13, 2022.
             Slain by a black bear (3 damage)
             ... on level 3 of the Dungeon.
             The game lasted 00:00:39 (2123 turns).

qw the Chopper (Gargoyle Fighter)                   Turns: 2123, Time: 00:00:40

Health: -1/37      AC: 11    Str: 22    XL:     6   Next: 16%
Magic:  6/6        EV:  9    Int:  8    God:
Gold:   32         SH:  4    Dex:  9    Spells: 5/5 levels left

rFire   . . .      SeeInvis .   Y - +0 war axe
rCold   . . .      Faith    .   c - +0 buckler
rNeg    + . .      Spirit   .   b - +0 scale mail
rPois   inf        Reflect  .   (no helmet)
rElec   +          Harm     .   (no cloak)
rCorr   .          Rampage  .   (no gloves)
Will    +....                   (no boots)
Stlth   ..........              (no amulet)
HPRegen 0.12/turn               f - ring of willpower
MPRegen 0.10/turn               (no ring)

@: no status effects
A: sickness immunity, AC +4, negative energy resistance 1, electricity
resistance, torment resistance 1, petrification resistance
a: no special abilities


You were on level 3 of the Dungeon.
You visited 1 branch of the dungeon, and saw 3 of its levels.

You collected 32 gold pieces.


Innate Abilities, Weirdness & Mutations

You are immune to sickness and miasma.
Your stone body is resilient. (AC +4)
You are immune to poison.
You resist negative energy. (rN+)
You are resistant to electric shocks. (rElec)
You are resistant to unholy torment.
You are immune to petrification.


   Skills:
 + Level 3.2 Fighting
 - Level 5.5 Axes
 - Level 1.0 Throwing
 - Level 3.2 Armour
 - Level 3.2 Shields


You had 5 spell levels left.
You didn't know any spells.
Your spell library was empty.

Inventory:

Hand Weapons
 o - a +0 mace
 Y - a +0 war axe (weapon)
Missiles
 j - 5 javelins (quivered)
Armour
 b - a +0 scale mail (worn)
 c - a +0 buckler (worn)
Jewellery
 f - a ring of willpower (left hand)
Potions
 d - a potion of might
 g - a potion of brilliance {unknown}
 k - a potion of invisibility {unknown}
 p - a potion of curing {unknown}

Dungeon Overview and Level Annotations

Branches:
Dungeon (3/15)

Altars:


Message History

You hit the black bear.
The black bear is severely wounded.
The black bear goes berserk!
You closely miss the black bear.
The black bear is severely wounded.
The black bear bites you! The black bear closely misses you.
You block the black bear's attack.
The black bear bites you but does no damage.
The black bear claws you but does no damage.
The black bear claws you.
You completely miss the black bear.
The black bear is severely wounded.
The black bear bites you but does no damage.
You block the black bear's attack. The black bear claws you.
The black bear bites you but does no damage.
The black bear closely misses you. The black bear barely misses you.
2119 ||| DRINKING potion of heal wounds.
You feel much better. The black bear barely misses you.
The black bear claws you but does no damage. x2
The black bear bites you but does no damage.
The black bear claws you. x2
You hit the black bear.
The black bear is severely wounded.
The black bear bites you!
The black bear claws you but does no damage. x2
The black bear bites you. The black bear claws you. x2
You completely miss the black bear.
The black bear is severely wounded.
You block the black bear's attack. The black bear claws you. x2
The black bear barely misses you. You block the black bear's attack.
The black bear claws you.
You barely miss the black bear.
The black bear is severely wounded.
The black bear bites you. The black bear claws you.
The black bear claws you but does no damage.
You barely miss the black bear.
The black bear is severely wounded.
You block the black bear's attack. The black bear claws you. x2
You die...

#.# ..# #.#
########### #.#
#.h@......# #.#
#.#######.#
#.#### #. #.#
###.#... #.
#####.###...#.##
#.
#.........#.....
#.
#.###.###.....##
#. #.# #.....##
#o #.# ##....##
..# ##)#...


You could see a black bear (berserk).

Vanquished Creatures
  Grinder (D:3)
  Jessica (D:3)
  An adder (D:2)
  A worm (D:2)
  2 endoplasms (D:2)
  3 giant cockroaches
  A goblin (D:1)
  3 hobgoblins (D:1)
  A jackal (D:1)
  4 kobolds
  A quokka (D:1)
  2 ball pythons (D:1)
  4 bats (D:1)
  A frilled lizard (D:1)
  7 rats
33 creatures vanquished.

Vanquished Creatures (others)
  10 plants (D:3)
10 creatures vanquished.

Grand Total: 43 creatures vanquished

Notes
Turn   | Place    | Note
-------+----------+-------------------------------------------
     0 | D:1      | qw the Gargoyle Fighter began the quest for the Orb.
     0 | D:1      | Reached XP level 1. HP: 14/14 MP: 1/1
     0 | D:1      | 0 ||| qw: Version: 0.1-a-119-g272c26d
     0 | D:1      | 0 ||| qw: Game counter: 11114
     0 | D:1      | 0 ||| qw: Always use a shield: true
     0 | D:1      | 0 ||| qw: God list: Okawaru
     0 | D:1      | 0 ||| qw: Allow faded altars: false
     0 | D:1      | 0 ||| qw: Do Orc after D:15 true
     0 | D:1      | 0 ||| qw: Do second Lair branch before Depths: true
     0 | D:1      | 0 ||| qw: Lair rune preference: random
     0 | D:1      | 0 ||| qw: Plans: Normal, Zot, God:TSO, Crypt, Tomb, Pan,
                  | Slime, Hells, Zig, Abyss, Orb
     0 | D:1      | 0 ||| PLANNING D:1-11
    77 | D:1      | Reached skill level 2 in Axes
   226 | D:1      | Reached XP level 2. HP: 19/19 MP: 2/2
   343 | D:1      | 343 ||| Stepping ~*~*~tactically~*~*~ (stealth).
   715 | D:1      | Reached skill level 3 in Axes
   977 | D:1      | Reached XP level 3. HP: 23/23 MP: 3/3
  1009 | D:1      | 1009 ||| READING scroll labelled YPEMOP TIAFUU.
  1010 | D:1      | 1010 ||| READING scroll labelled DIGRER FONTIMO.
  1011 | D:1      | 1011 ||| READING scroll labelled FAJEANW UPYJIWET.
  1012 | D:1      | 1012 ||| READING scroll labelled QAROIPN ICWUYS.
  1013 | D:1      | 1013 ||| READING scroll labelled QOUTAU POAPHI.
  1017 | D:1      | 1017 ||| DRINKING 2 clear potions.
  1018 | D:1      | 1018 ||| DRINKING 2 purple potions.
  1019 | D:1      | 1019 ||| DROPPING potion of flight.
  1301 | D:2      | Reached skill level 1 in Throwing
  1696 | D:2      | 1696 ||| UPGRADING to ring of willpower.
  1697 | D:2      | 1697 ||| READING scroll labelled NUG BOFOZA.
  1725 | D:3      | Noticed Jessica
  1731 | D:3      | 1731 ||| Stepping ~*~*~tactically~*~*~ (hiding).
  1735 | D:3      | Killed Jessica
  1736 | D:3      | Reached XP level 4. HP: 22/28 MP: 4/4
  1870 | D:3      | Noticed Grinder
  1876 | D:3      | HP: 7/28 [Grinder (6)]
  1877 | D:3      | 1877 ||| DRINKING 2 potions of heal wounds.
  1879 | D:3      | Paralysed by Grinder for 4 turns
  1901 | D:3      | 1901 ||| FLEEEEING.
  1916 | D:3      | Killed Grinder
  1917 | D:3      | Reached skill level 5 in Axes
  1917 | D:3      | Reached XP level 5. HP: 14/32 MP: 5/5
  1917 | D:3      | Reached XP level 6. HP: 16/37 MP: 6/6
  2106 | D:3      | Noticed a black bear
  2107 | D:3      | 2107 ||| Stepping ~*~*~tactically~*~*~ (stealth).
  2118 | D:3      | HP: 9/37 [black bear (2)]
  2119 | D:3      | 2119 ||| DRINKING potion of heal wounds.
  2121 | D:3      | HP: 4/37 [black bear (1)]
  2123 | D:3      | Slain by a black bear

Levels and vault maps discovered:
D:1:      minmay_arrival_loop, layout_loops_ring, minmay_misc_feat_enclosed,
          minivault_27, minmay_unequal
D:2:      layout_loops_ring
D:3:      cheibrodos_old_hovel, layout_loops_corners,
          mainiacjoe_overflow_catwalk_spiral, uniq_grinder, uniq_natasha,
          uniq_jessica

Skill      XL: |  1  2  3  4 |
---------------+-------------+-----
Axes           | 2 3 5 |  5.5
Throwing       | 1 |  1.0
Fighting       | |  3.2
Armour         | |  3.2
Shields        | |  3.2

Action                   |  1- 3 |  4- 6 || total
-------------------------+-------+-------++-------
Melee: War axe           |   108 |    42 ||   150
Throw: Javelin           |    16 |     3 ||    19
  Use: Scroll            |     6 |       ||     6
       Potion            |     2 |     2 ||     4
Armor: Scale mail        |    76 |    36 ||   112
Dodge: Dodged            |    73 |    24 ||    97
Block: Buckler           |    30 |     9 ||    39

Table legend:
 A = Non-vault XP
 B = Vault XP
 C = Vault XP percentage of total XP
 D = Non-vault monster count
 E = Vault monster count
 F = Vault count percentage of total count
                 A         B        C        D         E       F
            +---------+---------+-------+---------+---------+-------
      Total |      53 |     315 |  85.6 |      25 |       8 |  24.2
            +---------+---------+-------+---------+---------+-------
        D:1 |      23 |      11 |  32.4 |      16 |       6 |  27.3
        D:2 |      26 |       0 |   0.0 |       6 |       0 |   0.0
        D:3 |       4 |     304 |  98.7 |       3 |       2 |  40.0
            +---------+---------+-------+---------+---------+-------
